 Dungeon Sprint DCSS version 0.21.2 (webtiles) character file.

3700000 Fang the Axe Maniac (level 24, -17/238 HPs)
             Began as a Demonspawn Gladiator on Oct 2, 2018.
             Was the Champion of Makhleb.
             Killed from afar by a large bag of meat (26 damage)
             ... with an exploding inner flame
             ... in the Dungeon (Sprint VIII: "Arena of Blood").
             The game lasted 00:01:31 (37 turns).

Fang the Axe Maniac (Demonspawn Gladiator)            Turns: 37, Time: 00:01:31

Health: -17/238    AC:  8    Str: 27    XL:     24   Next: 17%
Magic:  54/54      EV: 41    Int: 12    God:    Makhleb [******]
Gold:   0          SH:  0    Dex: 22    Spells: 77/77 levels left

rFire    . . .     SeeInvis .   l - +∞ Axe of Woe
rCold    + . .     Gourm    .   (shield currently unavailable)
rNeg     . . .     Faith    .   b - +0 leather armour
rPois    .         Spirit   .   (helmet unavailable)
rElec    .         Reflect  .   (no cloak)
rCorr    .         Harm     .   (no gloves)
MR       +....     NoTele   +   (no boots)
Stlth    ++++++++++             (no amulet)
HPRegen  0.49/turn              (no ring)
MPRegen  0.34/turn              (no ring)

@: mighty, agile
A: horns 3, rugged brown scales 2, cold resistance 1, demonic guardian 2,
powered by pain 3, freezing cloud immunity
a: Minor Destruction, Lesser Servant of Makhleb, Major Destruction, Greater
Servant of Makhleb, Renounce Religion


You were in the Dungeon.
You worshipped Makhleb.
Makhleb was exalted by your worship.
You were not hungry.

You visited 1 branch

Inventory:

Hand Weapons
 l - the +∞ Axe of Woe (weapon)
   (You found it in the Dungeon)
Missiles
 d - 3 throwing nets (quivered)
Armour
 b - a +0 leather armour (worn)
 c - a +0 helmet
Scrolls
 k - a scroll of blinking
Potions
 e - a potion of curing
 g - a potion of heal wounds
 h - a potion of haste
 i - 2 potions of magic
 j - a potion of berserk rage
Comestibles
 f - a ration


   Skills:
 O Level 27 Fighting
 O Level 27 Axes
 O Level 27 Throwing
 O Level 27 Armour
 O Level 27 Dodging
 O Level 27 Stealth
 O Level 27 Unarmed Combat
 O Level 27 Spellcasting
 O Level 27 Invocations


You had 77 spell levels left.
You didn't know any spells.

Dungeon Overview and Level Annotations

Branches:
Dungeon (1/1)

Altars:
Makhleb


Innate Abilities, Weirdness & Mutations

You have a pair of large horns on your head.
You are mostly covered in rugged brown scales. (AC +2, +5% HP)
Your flesh is cold resistant. (rC+)
A demonic guardian rushes to your aid.
You are powered by pain.
You are immune to freezing clouds.


Message History

A bag of meat comes into view. It is wielding a +9 war axe.
Unknown command.
You hear a shout! x9
The meat berserker rages.
The sculptor of flesh is engulfed in blazing flames.
Some corpses begin to drag themselves along the ground!
Some corpses meld into agglomerations of writhing flesh!
You hear a shout!
The destroyer is engulfed in blazing flames. 2 small abominations, 2 large abominations and 5 crawling corpses come into view.
There is a burning altar of Makhleb here.
You carve the small abomination like a ham!!!
You fatally mangle the small abomination.
You destroy the small abomination!
Makhleb accepts your kill.
You slash the large bag of meat!
You butcher the large bag of meat messily.
The large bag of meat explodes!
The fiery explosion engulfs you!
You die...

..... .o #... .#
. #... ..#
...###... ..###.
..O.....###......
#...o...._......
......#§x...#
......#@§§._#
.....%#§3)O.#...
#.§...oO)_x.Oo..
.......)###.o....
...###xxx....###o
.. #)z§§...#


#OoxVO..# ooXV§X..... ............. You could see a destroyer, a sculptor of
flesh, a large bag of meat (inner flame), 2 large abominations, 3 meat
berserkers, a small abomination, 5 bags of meat, 5 crawling corpses and a
friendly soul eater.

Vanquished Creatures
  Harold (D)
  2 vampire knights (D)
  A two-headed ogre (D)
  17 orcs (D)
  A small abomination (D)
  13 ogres (D)
35 creatures vanquished.

Notes
Turn   | Place    | Note
-------+----------+-------------------------------------------
     0 | D        | Found the +∞ Axe of Woe
     0 | D        | Fang the Demonspawn Gladiator began the quest for the Orb.
     0 | D        | Reached XP level 1. HP: 16/16 MP: 1/1
     3 | D        | Noticed a bag of meat
     3 | D        | Noticed a bag of meat
     3 | D        | Noticed a meat berserker
     4 | D        | Noticed a bag of meat
     5 | D        | Noticed a bag of meat
     5 | D        | Became a worshipper of Makhleb the Destroyer
     7 | D        | Noticed a meat berserker
     8 | D        | Killed a meat berserker
     8 | D        | Reached skill level 10 in Throwing
     8 | D        | Gained mutation: A weak demonic guardian rushes to your aid. [demonic ancestry]
     8 | D        | Reached XP level 2. HP: 38/38 MP: 2/2
     8 | D        | Reached XP level 3. HP: 44/44 MP: 3/3
     8 | D        | Reached XP level 4. HP: 51/51 MP: 4/4
     8 | D        | Reached XP level 5. HP: 57/57 MP: 5/5
     8 | D        | Gained mutation: You sometimes gain a little power by taking damage. [demonic ancestry]
     8 | D        | Reached XP level 6. HP: 64/64 MP: 6/6
     8 | D        | Gained mutation: You have a pair of small horns on your head. [demonic ancestry]
     8 | D        | Reached XP level 7. HP: 69/69 MP: 7/7
     8 | D        | Reached XP level 8. HP: 76/76 MP: 8/8
     8 | D        | Gained mutation: You sometimes gain power by taking damage. [demonic ancestry]
     8 | D        | Reached XP level 9. HP: 82/82 MP: 9/9
     8 | D        | Reached XP level 10. HP: 89/89 MP: 10/10
     8 | D        | Gained mutation: You are partially covered in rugged brown scales. (AC +1, +3% HP) [demonic ancestry]
     8 | D        | Reached XP level 11. HP: 89/97 MP: 11/11
     8 | D        | Reached XP level 12. HP: 96/105 MP: 12/12
     8 | D        | Gained mutation: You are mostly covered in rugged brown scales. (AC +2, +5% HP) [demonic ancestry]
     8 | D        | Reached XP level 13. HP: 96/112 MP: 13/13
     9 | D        | Noticed a meat berserker
    10 | D        | Killed a meat berserker
    10 | D        | Reached * piety under Makhleb
    10 | D        | Gained mutation: You have a pair of horns on your head. [demonic ancestry]
    10 | D        | Reached XP level 14. HP: 107/124 MP: 14/14
    11 | D        | Killed a meat berserker
    11 | D        | Reached skill level 15 in Fighting
    11 | D        | Reached XP level 15. HP: 117/135 MP: 15/15
    13 | D        | Reached ** piety under Makhleb
    14 | D        | Noticed a meat berserker
    14 | D        | Noticed a large bag of meat
    15 | D        | Killed a meat berserker
    15 | D        | Reached skill level 27 in Axes
    15 | D        | Reached skill level 27 in Dodging
    15 | D        | Gained mutation: You are powered by pain. [demonic ancestry]
    15 | D        | Reached XP level 16. HP: 150/150 MP: 16/16
    16 | D        | Noticed a meat berserker
    18 | D        | Reached *** piety under Makhleb
    18 | D        | Reached XP level 17. HP: 168/168 MP: 17/17
    19 | D        | Noticed a meat berserker
    20 | D        | Noticed a meat berserker
    20 | D        | Noticed a meat berserker
    20 | D        | Noticed a large bag of meat
    20 | D        | Noticed a meat berserker
    20 | D        | HP: 8/177 [large bag of meat/+9 giant spiked club (40)]
    21 | D        | Killed a meat berserker
    21 | D        | Reached **** piety under Makhleb
    21 | D        | Reached skill level 27 in Fighting
    21 | D        | Reached XP level 18. HP: 83/191 MP: 18/18
    21 | D        | Killed a large bag of meat
    21 | D        | Reached skill level 27 in Throwing
    21 | D        | Gained mutation: Your flesh is cold resistant. (rC+) [demonic ancestry]
    21 | D        | Reached XP level 19. HP: 147/198 MP: 19/19
    22 | D        | Reached ***** piety under Makhleb
    22 | D        | Reached skill level 27 in Armour
    23 | D        | Noticed a destroyer
    23 | D        | Killed a meat berserker
    23 | D        | Reached skill level 10 in Unarmed Combat
    23 | D        | Reached skill level 10 in Spellcasting
    23 | D        | Reached XP level 20. HP: 194/206 MP: 19/36
    23 | D        | Noticed a destroyer
    24 | D        | Noticed a meat berserker
    25 | D        | Noticed a meat berserker
    25 | D        | Reached skill level 15 in Stealth
    25 | D        | Reached ****** piety under Makhleb
    25 | D        | Reached skill level 15 in Unarmed Combat
    25 | D        | Reached skill level 15 in Spellcasting
    25 | D        | Killed a meat berserker
    26 | D        | Noticed a meat berserker
    26 | D        | Killed a destroyer
    26 | D        | Gained mutation: You are immune to freezing clouds. [demonic ancestry]
    26 | D        | Reached XP level 21. HP: 214/214 MP: 19/45
    27 | D        | Reached skill level 27 in Invocations
    28 | D        | Killed a destroyer
    28 | D        | Reached skill level 27 in Stealth
    28 | D        | Gained mutation: A demonic guardian rushes to your aid. [demonic ancestry]
    28 | D        | Reached XP level 22. HP: 222/222 MP: 20/52
    30 | D        | Noticed a large bag of meat
    30 | D        | Noticed The Servant
    30 | D        | Reached skill level 27 in Unarmed Combat
    30 | D        | Reached skill level 27 in Spellcasting
    31 | D        | Noticed a large bag of meat
    31 | D        | Noticed a destroyer
    31 | D        | Reached XP level 23. HP: 229/229 MP: 50/54
    32 | D        | HP: 7/229 [The Servant/+9 glaive of flaming (72)]
    33 | D        | Noticed a large bag of meat
    33 | D        | Noticed a destroyer
    35 | D        | Killed The Servant
    35 | D        | Gained mutation: You have a pair of large horns on your head. [demonic ancestry]
    35 | D        | Reached XP level 24. HP: 8/238 MP: 54/54
    37 | D        | Killed a large bag of meat
    37 | D        | Killed from afar by a large bag of meat

Skill      XL: |  1  2  3  4  5  6  7  8  9 10 11 12 13 14 15 16 17 18 19 20 21 22 |
---------------+-------------------------------------------------------------------+-----
Fighting       | 11 13 15 17 21 27 | 27.0
Axes           | 19 22 24 27 | 27.0
Throwing       | 10 12 13 16 19 24 27 | 27.0
Dodging        | 18 21 23 27 | 27.0
Armour         | 6 20 27 | 27.0
Stealth        | 13 21 27 | 27.0
Unarmed Combat | 12 20 26 27 | 27.0
Spellcasting   | 12 20 26 27 | 27.0
Invocations    | 16 26 27 | 27.0

Action                   |  1- 3 |  4- 6 |  7- 9 | 10-12 | 13-15 | 16-18 | 19-21 | 22-24 || total
-------------------------+-------+-------+-------+-------+-------+-------+-------+-------++-------
Melee: Executioner's axe |     1 |       |       |       |     5 |     4 |     6 |     5 ||    21
Armor: Leather armour    |       |       |       |       |       |     1 |       |       ||     1
Dodge: Dodged            |       |       |       |       |     1 |     1 |     1 |       ||     3
